 Dungeon Crawl Stone Soup version 0.19-a0-1937-g70ed36a (webtiles) character file.

408 mrath the Digger (level 6, -5/32 HPs)
             Began as a Gargoyle Earth Elementalist on Oct 26, 2016.
             Killed by divine providence
             ... invoked by an orc priest
              (15 damage)
             ... on level 4 of the Dungeon.
             The game lasted 00:29:11 (4315 turns).

mrath the Digger (Gargoyle Earth Elementalist)      Turns: 4315, Time: 00:29:12

Health: -5/32      AC:  8    Str: 12    XL:     6   Next: 88%
Magic:  5/13       EV: 12    Int: 17    God:
Gold:   139        SH:  0    Dex: 10    Spells: 2 memorised, 11 levels left

rFire  . . .     SeeInvis .     C - +0 short sword (venom)
rCold  . . .     Gourm    .     c - +0 robe
rNeg   + . .     Faith    .     (no shield)
rPois  ∞         Spirit   .     (no helmet)
rElec  +         Reflect  .     l - +0 cloak (curse)
rCorr  .         Harm     .     h - +0 pair of gloves
MR     .....                    (no boots)
Stlth  ++........               (no amulet)
                                (no ring)
                                (no ring)

@: very slightly contaminated
A: negative energy resistance 1, electricity resistance, unbreathing,
petrification resistance, rot immunity, AC +4
a: no special abilities


You were on level 4 of the Dungeon.
You were not hungry.

You visited 2 branches of the dungeon, and saw 5 of its levels.

You collected 139 gold pieces.

Inventory:

Hand Weapons
 a - a +2 hand axe of freezing
 i - a +0 mace of holy wrath
 k - a +0 mace
 x - a +0 hunting sling
 A - a +0 flail
 B - a +0 blowgun
 C - a +0 short sword of venom (weapon)
Missiles
 b - 131 stones
 m - 28 poisoned needles
 p - 2 poisoned javelins (quivered)
 w - 59 sling bullets
 E - 3 tomahawks
Armour
 c - a +0 robe (worn)
 h - a +0 pair of gloves (worn)
 l - a cursed +0 cloak (worn)
Jewellery
 g - an uncursed amulet of the gourmand {unknown}
Scrolls
 f - 4 scrolls of identify {unknown}
 n - a scroll of remove curse {unknown}
 t - a scroll of fear {unknown}
 y - a scroll of recharging {unknown}
 F - a scroll of teleportation {unknown}
Potions
 o - a potion of lignification {unknown}
 q - 2 potions of curing {unknown}
 s - a potion of resistance {unknown}
 v - a potion of agility {unknown}
 z - a potion of cancellation {unknown}
Books
 e - a book of Geomancy

   Spells                             Type                      Level
   a - Sandblast                      Earth                        1
   b - Passwall                       Transmutation/Earth          2
   c - Stone Arrow                    Conjuration/Earth            3
   d - Petrify                        Transmutation/Earth          4
   e - Lee's Rapid Deconstruction     Earth                        5
 D - a book of Misfortune

   Spells                             Type                      Level
   a - Confusing Touch                Hexes                        1
   b - Confuse                        Hexes                        3
   c - Gell's Gravitas                Hexes/Translocation          3
   d - Petrify                        Transmutation/Earth          4
   e - Metabolic Englaciation         Hexes/Ice                    5
   f - Yara's Violent Unravelling     Hexes/Transmutation          5
Comestibles
 d - 2 bread rations
 r - 2 beef jerkies
 u - a meat ration


   Skills:
 - Level 1.5 Dodging
 - Level 2.1 Stealth
 * Level 5.3 Spellcasting
 + Level 2.1 Conjurations
   Level 0.7 Transmutations
 + Level 5.5 Earth Magic


You had 11 spell levels left.
You knew the following spells:

 Your Spells              Type           Power        Failure   Level  Hunger
a - Sandblast             Erth           ###...       1%          1    None
b - Stone Arrow           Conj/Erth      ###...       10%         3    ##.....


Dungeon Overview and Level Annotations

Branches:
Dungeon (4/15)             Temple (1/1) D:4

Altars:
Ashenzari
Cheibriados
Dithmenos
Fedhas
Gozag
Hepliaklqana
Kikubaaqudgha
Makhleb
Nemelex Xobeh
Okawaru
Qazlal
Sif Muna
Trog
Xom
Yredelemnul
Zin
The Shining One


Innate Abilities, Weirdness & Mutations

You are resistant to torment.
Your stone body is resilient. (AC +4)
You are immune to poison.
You resist negative energy. (rN+)
You are resistant to electric shocks. (rElec)
You can survive without breathing.
You are immune to petrification.
You are immune to rotting.


Message History

Confirm with . or Enter, or press ? or * to list all spells.
You don't know that spell.
Unknown command.
Unknown command.
Casting: Stone Arrow
Confirm with . or Enter, or press ? or * to list all spells.
Aiming: Stone Arrow
Press: ? - help, Shift-Dir - straight line, f - hound
Aim: a hound You miscast Stone Arrow.
You are very lightly contaminated with residual magic.
You smell something strange.
The hound barely misses you. The hound bites you. The hound barely misses you.
The hound closely misses you. The hound bites you but does no damage.
The hound bites you. The hound barely misses you.
The orc priest calls down the wrath of Beogh upon you.
Beogh smites you!
You die...

....# . h#o#
########### .. ..#
#.)..oo.o.# .⌠.#.#
#.#######o#
.....###.# #.#
...#oh.h.# #o#
.....##### #.#
.##.## #h# ... #@#
###. #.# ##'## ###.#
##...## #...#
#.....## #####.#####
.......###.........#
........##.#...###.#
........+.......##
........##.#.....# #


You could see a hound, an orc priest and 2 orcs.

Vanquished Creatures
  A scorpion (D:4)
  An orc priest (D:4)
  3 orc wizards
  An iguana (D:4)
  3 worker ants (D:4)
  A hound skeleton (D:4)
  4 adders
  3 worms
  2 leopard geckos (D:3)
  10 orcs
  A ball python (D:3)
  6 bats
  8 giant cockroaches
  9 goblins
  14 hobgoblins
  10 kobolds
  A quokka (D:2)
  5 frilled lizards
  7 rats
90 creatures vanquished.

Notes
Turn   | Place    | Note
-------+----------+-------------------------------------------
     0 | D:1      | mrath the Gargoyle Earth Elementalist began the quest for the Orb.
     0 | D:1      | Reached XP level 1. HP: 10/10 MP: 3/3
   368 | D:1      | Reached XP level 2. HP: 13/15 MP: 0/5
  1131 | D:1      | Reached XP level 3. HP: 19/19 MP: 7/7
  1431 | D:1      | Learned a level 3 spell: Stone Arrow
  1726 | D:2      | Reached XP level 4. HP: 24/24 MP: 3/9
  2207 | D:3      | Found a hazy altar of Hepliaklqana.
  2599 | D:3      | Found an iron altar of Okawaru.
  2599 | D:3      | Found a faded altar of an unknown god.
  2610 | D:3      | Found a faded altar of an unknown god.
  2614 | D:3      | Found a faded altar of an unknown god.
  2615 | D:3      | Found a faded altar of an unknown god.
  2863 | D:3      | Reached XP level 5. HP: 28/28 MP: 11/11
  3381 | D:4      | Found a staircase to the Ecumenical Temple.
  3388 | Temple   | Entered the Ecumenical Temple
  3568 | D:4      | Reached skill level 1 in Conjurations
  3568 | D:4      | Reached skill level 5 in Earth Magic
  3568 | D:4      | Reached XP level 6. HP: 32/32 MP: 9/13
  3677 | D:4      | Found a sparkling altar of Nemelex Xobeh.
  3961 | D:4      | Reached skill level 5 in Spellcasting
  4315 | D:4      | Killed from afar by an orc priest

Vault maps used:
D:1:      elethiomel_arrival_shortcut
D:3:      chequers_temple_overflow_minitemple, lemuel_doored_altar
D:4:      elyvilon_altar_5, nemelex_xobeh_ov_fountains_minmay
Temple:   eino_narrow_crystal_temple

Skill      XL: |  1  2  3  4  5  6 |
---------------+-------------------+-----
Earth Magic    | 4 5 |  5.5
Spellcasting   | 3 4 5 |  5.3
Conjurations   | 1 2 |  2.1
Dodging        | |  1.5
Stealth        | |  2.1
Transmutations | |  0.7

Action                   |  1- 3 |  4- 6 || total
-------------------------+-------+-------++-------
Melee: Unarmed           |     4 |       ||     4
       Mace              |     3 |    27 ||    30
       Short sword       |       |    48 ||    48
Throw: Javelin           |    22 |     6 ||    28
       Stone             |     2 |       ||     2
 Cast: Sandblast         |    55 |    39 ||    94
       Stone Arrow       |       |    12 ||    12
 Stab: Sleeping          |       |     5 ||     5
  Eat: Chunk             |     3 |     7 ||    10
       Pizza             |       |     1 ||     1
Armor: Robe              |    33 |    30 ||    63
Dodge: Dodged            |    51 |    58 ||   109
